 Dungeon Crawl Stone Soup version 0.29.1-15-g9cfb28693d (webtiles) character file.

Game seed: 3697670223500528932

1836 leafyfresh the Covert (level 9, -1/94 HPs)
             Began as an Octopode Delver on Feb 25, 2023.
             Was a Follower of Ashenzari.
             Slain by a gnoll sergeant
             ... wielding a +0 spear
              (2 damage)
             ... on level 7 of the Dungeon.
             The game lasted 00:10:53 (7617 turns).

leafyfresh the Covert (Octopode Delver)             Turns: 7617, Time: 00:10:54

Health: -1/94      AC:  1    Str: 12    XL:     9   Next: 11%
Magic:  18/18      EV: 18    Int: 16    God:    Ashenzari [*.....]
Gold:   341        SH:  5    Dex: 21    Spells: 8/8 levels left

rFire   + . .      SeeInvis .   y - +5 great sword of the Brewing Salmon {holy, *Slow rCorr MP+9 Dex+8}
rCold   . . .      Faith    .   (shield currently unavailable)
rNeg    . . .      Spirit   .   (helmet restricted)
rPois   .          Reflect  +   p - amulet "Thunder Perfect Mind" {Reflect SH+5, Cun, Elem} (curse)
rElec   .          Harm     .   v - +4 ring of slaying
rCorr   +          Rampage  .   D - ring of Ashenzari's Anxiety {rF+, Elem, Self} (curse)
Will    .....                   (no ring)
Stlth   ..........              (no ring)
HPRegen 0.25/turn               (no ring)
MPRegen 0.16/turn               (no ring)
                                (no ring)
                                (no ring)

@: berserking, very quick
A: almost no armour, amphibious, 8 rings, camouflage 1, gelatinous body 1,
(nimble swimmer 1), tentacles
a: Renounce Religion, Shatter the Chains


You were on level 7 of the Dungeon.
You worshipped Ashenzari.
Ashenzari was aware of your devotion.
You visited 2 branches of the dungeon, and saw 8 of its levels.

You collected 341 gold pieces.

Inventory:

Hand Weapons
 y - the +5 great sword of the Brewing Salmon (weapon) {holy, *Slow rCorr MP+9 Dex+8}
   (You found it on level 2 of the Dungeon)

   It has been blessed by the Shining One to cause great damage to the undead
   and demons.
   Dex:       It affects your dexterity (+8).
   MP:        It affects your magic capacity (+9).
   rCorr:     It protects you from acid and corrosion.
   *Slow:     It may slow you when you take damage.
Armour
 C - a +0 buckler
 G - a +2 pair of gloves
Jewellery
 a - an amulet of magic regeneration
 p - the cursed amulet "Thunder Perfect Mind" (around mantle) {Reflect SH+5, Cun, Elem}
   (You found it on level 3 of the Dungeon)

   [amulet of reflection]

   It reflects blocked missile attacks.
   SH:        It affects your SH (+5).
   It has a curse which improves the following skills: Cunning: Dodging and
   Stealth.
   Elements:  Fire Magic, Ice Magic, Air Magic and Earth Magic.
 v - a +4 ring of slaying (left tentacle)
 D - the cursed ring of Ashenzari's Anxiety (right tentacle) {rF+, Elem, Self}
   (You found it on level 1 of the Dungeon)

   [ring of protection from fire]

   rF:        It protects you from fire.
   It has a curse which improves the following skills: Elements: Fire Magic, Ice
   Magic, Air Magic and Earth Magic.
   Introspection: Fighting and Spellcasting.
 K - an amulet of guardian spirit
Wands
 f - a wand of digging (17)
 h - a wand of light (7)
 J - a wand of flame (6)
Scrolls
 b - a scroll of fog
 c - 2 scrolls of magic mapping
 e - a scroll of identify
 g - 5 scrolls of teleportation
 l - 2 scrolls of noise
 o - a scroll of torment
 u - a scroll of summoning
 w - a scroll of vulnerability
 z - 2 scrolls of butterflies
 A - 2 scrolls of brand weapon
 H - a scroll of enchant weapon
 I - a scroll of amnesia
Potions
 d - a potion of resistance
 i - 4 potions of curing
 j - a potion of flight
 k - 2 potions of heal wounds
 m - a potion of mutation
 n - 2 potions of magic
 q - 2 potions of degeneration
 r - a potion of invisibility
 t - 2 potions of lignification
 x - a potion of haste
 B - 3 potions of attraction
 E - 2 potions of ambrosia
 F - a potion of might


   Skills:
 - Level 5.9(6.7) Fighting
 - Level 2.4(3.6) Short Blades
 + Level 4.0(4.4) Long Blades
 + Level 6.8(7.7) Dodging
 + Level 11.3(12.1) Stealth


You had 8 spell levels left.
You didn't know any spells.
Your spell library was empty.

Dungeon Overview and Level Annotations

Branches:
Dungeon (7/15)             Temple (1/1) D:5

Altars:
Ashenzari
Dithmenos
Elyvilon
Fedhas
Gozag
Hepliaklqana
Kikubaaqudgha
Qazlal
Ru
Sif Muna
Vehumet
Wu Jian
Xom
Yredelemnul
Zin

Annotations:
D:4 Edmund


Innate Abilities, Weirdness & Mutations

You cannot wear most types of armour.
You are amphibious.
You can wear up to eight rings at the same time.
Your skin changes colour to match your surroundings (Stealth+).
Your rubbery body absorbs attacks. (AC +1, EV +1)
((You are camouflaged when in or above water. (Stealth+)))
You have tentacles for arms and can constrict up to eight enemies at once.


Message History

The gnoll misses you. The gnoll closely misses you.
You closely miss the gnoll. You grab the gnoll. You constrict the gnoll.
The gnoll barely misses you.
The gnoll hits you from afar with a +0 spear!
The gnoll sergeant closely misses you.
You are too injured to fight recklessly!
Unknown command.
You are too injured to fight recklessly!
Unknown command.
You are too injured to fight recklessly!
Unknown command.
You release your grip on the gnoll.
The gnoll attacks as you move away! The gnoll barely misses you.
You see here a +0 cloak.
The gnoll attacks as you move away! The gnoll hits you with a +0 flail!
The gnoll attacks as you move away! You block the gnoll's attack.
A red film seems to cover your vision as you go berserk!
You feel yourself moving faster!
You feel mighty!
The gnoll hits you from afar with a +0 spear.
* * * LOW HITPOINT WARNING * * *
The gnoll sergeant hits you from afar with a +0 spear!
* * * LOW HITPOINT WARNING * * *
Unknown command.
You slice the gnoll!!
You kill the gnoll!
You block the gnoll's attack.
The gnoll sergeant hits you from afar with a +0 spear!
* * * LOW HITPOINT WARNING * * *
Unknown command.
The gnoll hits you with a +0 spear.
* * * LOW HITPOINT WARNING * * *
The gnoll sergeant barely misses you.
You slash the gnoll!
You kill the gnoll!
You block the gnoll sergeant's attack.
Unknown command.
The gnoll sergeant blocks your attack.
You grab the gnoll sergeant.
You constrict the gnoll sergeant, but do no damage.
The gnoll sergeant hits you with a +0 spear.
You die...

#...........# #...#.......#
#...##......# #............
#######............
##.........>........ #
#...........#.....))
###.#..)....(........)).
#).....@#.............<. .#
#..###g)##..............
...#..###...#...........##.
.........[................#
.##.........[#.......##..#
##.[.......#.......
##..).........##.
#.))...##....
#........####.


You could see a gnoll sergeant.

Vanquished Creatures
  Grinder (D:5)
  Sigmund (D:5)
  An acid dragon (D:7)
  An orc warrior (D:7)
  2 black bears
  An ogre (D:7)
  2 bullfrogs
  A necrophage (D:6)
  2 scorpions
  3 wights (D:7)
  4 hounds
  3 jellies (D:4)
  An orc wizard (D:4)
  9 gnolls
  8 adders
  A shadow imp (D:5)
  An ufetubus (D:6)
  A worm (D:5)
  17 orcs
  2 bats
  8 endoplasms
  4 giant cockroaches
  4 hobgoblins
  3 iguanas
  6 jackals
  A quokka (D:1)
  3 ball pythons
  5 frilled lizards
  6 goblins
  8 kobolds
  3 rats (D:3)
113 creatures vanquished.

Notes
Turn   | Place    | Note
-------+----------+-------------------------------------------
     0 | D:5      | leafyfresh the Octopode Delver began the quest for the Orb.
     0 | D:5      | Reached XP level 1. HP: 16/16 MP: 1/1
    36 | D:5      | Noticed a hound
    40 | D:5      | Killed a hound
    41 | D:5      | Reached XP level 2. HP: 21/21 MP: 2/2
    41 | D:5      | Reached XP level 3. HP: 26/26 MP: 3/3
    69 | D:5      | Reached skill level 7 in Stealth
   235 | D:5      | Found a shimmering blue altar of Sif Muna.
   236 | D:5      | Noticed Grinder
   243 | D:5      | Paralysed by Grinder for 5 turns
   252 | D:5      | Killed Grinder
   253 | D:5      | Reached skill level 8 in Stealth
   253 | D:5      | Reached XP level 4. HP: 3/34 MP: 4/4
   253 | D:5      | Reached XP level 5. HP: 4/38 MP: 5/5
   253 | D:5      | Reached XP level 6. HP: 5/44 MP: 6/6
   749 | D:5      | Noticed Sigmund
   754 | D:5      | Killed Sigmund
   993 | D:5      | Found a staircase to the Ecumenical Temple.
  1284 | Temple   | Entered the Ecumenical Temple
  1333 | Temple   | Became a worshipper of Ashenzari the Shackled
  1450 | D:4      | Noticed Edmund
  1786 | D:4      | Found a shimmering altar of Xom.
  1910 | D:4      | Reached XP level 7. HP: 49/49 MP: 7/7
  1921 | D:4      | Reached skill level 5 in Fighting
  1921 | D:4      | Reached skill level 9 in Stealth
  2382 | D:4      | Found a sacrificial altar of Ru.
  3173 | D:3      | Found a blossoming altar of Fedhas.
  3712 | D:3      | Reached skill level 5 in Dodging
  4757 | D:2      | Identified the +5 great sword of the Brewing Salmon {holy,
                  | *Slow rCorr MP+9 Dex+8}
  5223 | D:1      | Found a faded altar of an unknown god.
  6016 | D:6      | Reached XP level 8. HP: 57/57 MP: 8/8
  6095 | D:6      | Reached skill level 1 in Long Blades
  6227 | D:6      | Found an ancient bone altar of Kikubaaqudgha.
  6367 | D:6      | Reached skill level 10 in Stealth
  7114 | D:7      | Reached * piety under Ashenzari
  7449 | D:7      | Reached skill level 11 in Stealth
  7450 | D:7      | Reached XP level 9. HP: 63/63 MP: 9/9
  7615 | D:7      | HP: 1/94 [gnoll/+0 spear[a gnoll sergeant] (5)]
  7617 | D:7      | Slain by a gnoll sergeant

Illustrated notes

Levels and vault maps discovered:
D:1:      dpeg_arrival_chambers_temple_mockup, layout_rooms,
          ebering_ecumenical_altar_rust, hangedman_decor_slide_cut
D:2:      layout_basic, corexii_hall_statues_s
D:3:      layout_basic, old_standard_altar
D:4:      layout_basic, nicolae_overflow_hidden_temple, dk_xom_monty_hall,
          demons_altar, chequers_garden, interstate_on_off, st_stairs_9,
          amcnicky_mini_pool_small, uniq_edmund
D:5:      layout_basic, nicolae_sif_muna_condensation, lemuel_temple_firewalk_a,
          uniq_grinder, uniq_sigmund
D:6:      layout_basic, kennysheep_little_box
D:7:      old_forge, layout_cave_pools, mainiacjoe_overflow_alcove_1
Temple:   eino_wide_crystal_templ

Skill      XL: |  1  2  3  4  5  6  7  8  9 |
---------------+----------------------------+-----
Stealth        | 8 9 11 | 11.3
Fighting       | 4 5 |  5.9
Dodging        | 3 4 5 6 |  6.8
Long Blades    | 3 4 |  4.0
Short Blades   | |  2.4

Action                   |  1- 3 |  4- 6 |  7- 9 || total
-------------------------+-------+-------+-------++-------
Melee: Short sword       |    13 |    24 |    71 ||   108
       Tentacles         |     7 |     2 |    28 ||    37
       Constrict         |     3 |     4 |    31 ||    38
       Great sword       |       |       |    84 ||    84
       Punch             |       |       |     1 ||     1
Invok: Curse Item        |       |       |     2 ||     2
Evoke: Wand              |       |       |     1 ||     1
  Use: Scroll            |       |     1 |       ||     1
       Potion            |       |       |     2 ||     2
 Stab: Sleeping          |     1 |    11 |    35 ||    47
       Distracted        |       |       |     4 ||     4
Armor: Skin              |     1 |       |     4 ||     5
Dodge: Dodged            |     5 |     7 |    81 ||    93
Block: Other             |       |       |    18 ||    18
       Reflection        |       |       |     1 ||     1
